 Dungeon Crawl Stone Soup version 0.14.0-26-g1682e81 (webtiles) character file.

195 Heini the Skirmisher (level 4, -2/41 HPs)
             Began as a Hill Orc Fighter on Apr 26, 2014.
             Killed by nerve-wracking pain
             ... invoked by an orc priest
              (6 damage)
             ... on Level 3 of the Dungeon.
             The game lasted 00:03:34 (1348 turns).

Heini the Skirmisher (Hill Orc Fighter)             Turns: 1348, Time: 00:03:35

HP  -2/41        AC  7     Str 19      XL: 4   Next: 62%
MP   4/4         EV  6     Int  8      God:
Gold 102         SH 18     Dex 10      Spells:  0 memorised,  3 levels left

rFire  . . .     SeeInvis .     a - +0 war axe
rCold  . . .     Clarity  .     b - +0 scale mail
rNeg   . . .     Conserve .     c - +0 shield
rPois  .         rCorr    .     (no helmet)
rElec  .         rRot     .     (no cloak)
SustAb . .       Spirit   .     (no gloves)
rMut   .         Warding  .     (no boots)
Saprov + . .     Stasis   .     (no amulet)
MR     .....                    (no ring)
                                (no ring)

@: not resistant to hostile enchantments, extremely unstealthy
A: saprovore 1
a: Convert to Beogh


You were on level 3 of the Dungeon.
You were not hungry.

You visited 1 branch of the dungeon, and saw 3 of its levels.

You collected 102 gold pieces.

Inventory:

Hand weapons
 a - a +0,+0 war axe (weapon)
Armour
 b - a +0 scale mail (worn)
 c - a +0 shield (worn)
Comestibles
 d - a meat ration
 g - 4 bread rations
 h - a pear
 s - 2 chunks of hobgoblin flesh
Scrolls
 f - 2 scrolls of remove curse {unknown}
 j - 4 scrolls of identify {unknown}
 k - a scroll of enchant weapon I {unknown}
 m - a scroll of enchant weapon II {unknown}
 o - a scroll of teleportation {unknown}
Jewellery
 r - an uncursed ring of positive energy {unknown}
Potions
 e - a potion of might
 i - a potion of flight {unknown}
 l - a potion of curing {unknown}
 n - a potion of heal wounds {unknown}
 p - a potion of restore abilities {unknown}
 q - a potion of poison {unknown}


   Skills:
 * Level 4.7 Fighting
 * Level 4.2 Axes
 * Level 4.1 Armour
 - Level 3.2 Shields


You had 3 spell levels left.
You didn't know any spells.

Dungeon Overview and Level Annotations

Branches:
Dungeon (3/15)

Altars:
Elyvilon


Innate Abilities, Weirdness & Mutations

You can tolerate rotten meat.


Message History

Your shield prevents you from hitting the orc priest.
The orc priest is heavily wounded.
You hit the orc priest.
The orc priest shouts, "Join the one true god or die!"
The orc priest is moderately wounded.
You block the orc priest's attack. You block the orc's attack.
The orc priest closely misses you.
The orc priest shouts, "Beogh is our master!
Accept the truth or die!"
You completely miss the orc priest.
The orc priest is heavily wounded.
You closely miss the orc priest.
The orc priest shouts, "Surrender to Beogh and we'll let you live!"
The orc priest is moderately wounded.
The orc priest shouts, "Surrender to Beogh and we'll let you live!"
You block the orc priest's attack. The orc hits you but does no damage.
The orc priest shouts, "Surrender to Beogh and we'll let you live!"
You block the orc priest's attack.
The orc priest invokes the aid of Beogh against you.
Pain shoots through your body!
You die...

... #.# ###
#######.#...
.#.......#.###
........<....+
##.#####.#.###
##.#####.#.#
#......o...#
########@###
#oo...+
..##### ##.#
#.. #.. #..
#... ...


You could see 2 orc priests and an orc.

Vanquished Creatures
  3 adders (D:2)
  A worm (D:2)
  3 giant geckos
  An ooze (D:1)
  9 bats
  3 giant cockroaches
  7 goblins
  5 hobgoblins
  3 jackals (D:1)
  A ball python (D:2)
  A giant newt (D:2)
  11 kobolds
  6 rats
54 creatures vanquished.

Vanquished Creatures (others)
  A bat (D:2)
1 creature vanquished.

Grand Total: 55 creatures vanquished

Notes
Turn   | Place    | Note
--------------------------------------------------------------
     0 | D:1      | Heini, the Hill Orc Fighter, began the quest for the Orb.
     0 | D:1      | Reached XP level 1. HP: 19/19 MP: 1/1
   105 | D:1      | Reached XP level 2. HP: 24/27 MP: 2/2
   194 | D:1      | Reached skill level 4 in Fighting
   306 | D:1      | Reached XP level 3. HP: 29/33 MP: 3/3
   731 | D:2      | Reached XP level 4. HP: 33/41 MP: 4/4
   804 | D:2      | Found a white marble altar of Elyvilon.
  1348 | D:3      | Killed from afar by an orc priest

Action                   |  1- 3 |  4- 6 || total
-------------------------+-------+-------++-------
Melee: War axe           |   114 |    81 ||   195
